AoeStats
← G2_pizza

African Clearing

506652669Analyzed
4v4 RM · 19d ago on Sep 14, 2026· 34m 3s· 8 players
Game mode
Random Map
Map size
Large (8 player)
Population
200
Speed
Normal
Resources
Standard
Victory
Conquest
Starting age
Dark Age
Ending age
Imperial Age
RankedLock teamsTeams togetherTeam positionsShared explorationLock speedFull tech treeHidden civsTurbo modeCheats
Victory
Defeat
🇨🇳 Mongols · China
1689
+9
🇭🇰 Khmer · Hong Kong SAR China
1589
+13
🇹🇷 Chinese · Türkiye
1586
+13
🇹🇷 Wu · Türkiye
1581
+13
🇨🇳 Mongols · China
1672
-18
🇨🇳 Burgundians · China
1503
-11
1456
-10
🇨🇳 Maya · China
1434
-14
USTA
12:05 Loom
13:51 Feudal Age
18:08 Castle Age
15:57 Double-Bit Axe
15:55 Horse Collar
16:09 Gold Mining
17:29 Stone Mining
17:22 Horse Collar
18:48 Fletching
19:11 Bow Saw
21:12 Gold Shaft Mining
20:37 Fletching
21:58 Bodkin Arrow
24:13 Padded Archer Armor
27:29 Ballistics
27:57 Leather Archer Armor
32:36 Red Cliffs Tactics
_
13:04 Feudal Age
15:57 Castle Age
13:49 Double-Bit Axe
14:32 Horse Collar
16:20 Loom
16:58 Bow Saw
25:46 Heavy Plow
27:37 Gold Mining
30:40 Wheelbarrow
33:34 Imperial Age
34:11 Bloodlines
34:02 Husbandry
十大地方
11:36 Feudal Age
12:29 Double-Bit Axe
14:35 Loom
17:59 Castle Age
18:02 Stone Mining
26:40 Bow Saw
26:34 Husbandry
26:29 Fletching
27:23 Bodkin Arrow
27:22 Town Watch
28:43 Bloodlines
28:58 Padded Archer Armor
30:23 Gold Mining
31:17 Wheelbarrow
31:44 Ballistics
32:17 Gold Shaft Mining
32:34 Horse Collar
33:15 Hand Cart
33:36 Leather Archer Armor
Sekov
2:53 Loom
12:12 Feudal Age
12:51 Double-Bit Axe
18:58 Castle Age
17:23 Fletching
18:34 Horse Collar
19:36 Bodkin Arrow
19:02 Crossbowman
22:11 Bow Saw
25:38 Heavy Plow
26:38 Ballistics
felys
5:23 Loom
11:32 Feudal Age
9:49 Loom
11:34 Feudal Age
16:35 Castle Age
15:10 Double-Bit Axe
17:43 Bow Saw
18:45 Fletching
小白妈妈
11:02 Loom
13:08 Feudal Age
14:30 Double-Bit Axe
14:38 Town Watch
17:28 Castle Age
16:29 Horse Collar
16:42 Fletching
18:26 Wheelbarrow
20:08 Bodkin Arrow
21:53 Padded Archer Armor
24:50 Ballistics
G2_pizza
6:00 Double-Bit Axe
7:18 Loom
11:37 Loom
13:48 Feudal Age
17:51 Castle Age
18:36 Fishing Lines
19:25 Bow Saw
24:01 Scale Mail Armor
24:35 Squires
25:06 Light Cavalry
29:59 Horse Collar
31:27 Arson
33:35 Forging
哭稀饭(2125613428)
3:20 Loom
14:09 Feudal Age
14:56 Double-Bit Axe
17:40 Castle Age
15:48 Horse Collar
18:39 Bow Saw
18:53 Heavy Plow
23:25 Light Cavalry
25:00 Scale Barding Armor
26:57 Bloodlines
27:47 Chain Barding Armor
29:33 Forging
30:24 Wheelbarrow
31:21 Hand Cart
31:18 Husbandry
34:11 Iron Casting
36:41 Imperial Age
Connection lost

Rejoining the realm…

Still unreachable

The connection could not be restored.

Session expired

The server has moved on; the page needs a fresh start.